cohdb
Replays
Latest Replays
All Replays
Popular Replays
Top Player Replays
Match Explorer
How It Works
Community
CoH3 Stats
Reddit
Sign in to upload your games and track your stats! →
Sign in with Steam
Match 45104594
Unlisted
Match 45104594
Overview
Messages
Build Orders
End
Pioneer Squad
Construct Infanterie Kompanie
Grenadier Squad
MG 42 Machine Gun Team
Grenadier Squad
GrW 34 Mortar Team
Selects Breakthrough Battlegroup
Selects Assault Grenadiers
Selects Rapid Production
Construct Panzergrenadier Kompanie
251 Medium Carrier
Support Elements
Nubbl0r
Vigilante Anti-Hero
0
0
Comments
sign in to comment!
No comments posted yet!